 Dungeon Crawl Stone Soup version 0.30.0-19-g36f170ea60 (webtiles) character file.

Game seed: 3226695184505304013

60 cdecastro the Scratcher (level 3, 0/15 HPs)
             Began as a Felid Transmuter on May 29, 2023.
             Killed from afar by Natasha (7 damage)
             ... with a magic dart
             ... on level 2 of the Dungeon.
             The game lasted 00:03:14 (991 turns).

cdecastro the Scratcher (Felid Transmuter)           Turns: 991, Time: 00:03:15

Health: 0/15       AC:  1    Str:  6    XL:     3   Next: 80%
Magic:  7/7        EV: 17    Int: 16    God:
Gold:   153        SH:  0    Dex: 16    Spells: 0/6 levels left
                                        Lives:  0   Deaths: 0

rFire   . .          .
                       - Unarmed
rCold   . . .        (shield unavailable)
rNeg    . . .        (body armour unavailable)
rPois   .            (helmet unavailable)
rElec   .            (cloak unavailable)
rCorr   .            (gloves unavailable)
SInv    +            (boots unavailable)
Will    .....        (no amulet)
Stlth   +            (no ring)
HPRegen 0.22/turn    (no ring)
MPRegen 0.10/turn

%: no passive effects
@: slowed, slow
A: very small, claws 1, fangs 3, see invisible, speed 1, shaggy fur 1, stealthy
paws, no weapons or thrown items, no armour, multi-lived
a: no special abilities


You were on level 2 of the Dungeon.
You visited 1 branch of the dungeon, and saw 2 of its levels.

You collected 153 gold pieces.

Inventory:

Scrolls
 d - a scroll of teleportation {unknown}
 e - a scroll of noise {unknown}
 f - 3 scrolls of identify {unknown}
 g - a scroll of amnesia {unknown}
Potions
 a - a potion of lignification
 b - a potion of mutation {unknown}
 c - a potion of might {unknown}
 h - a potion of heal wounds {unknown}


   Skills:
 - Level 1.0 Fighting
 - Level 2.6 Dodging
 * Level 4.3 Unarmed Combat
 - Level 2.0 Spellcasting
 + Level 3.1 Transmutations


You couldn't memorise any spells.
You knew the following spells:

 Your Spells              Type           Power      Damage    Failure   Level
a - Beastly Appendage     Tmut           22%        N/A       6%          1
b - Wereblood             Tmut           11%        N/A       9%          2
c - Spider Form           Tmut/Pois      6%         N/A       32%         3

Your spell library contained the following spells:

 Spells                   Type           Power      Damage    Failure   Level
 Cigotuvi's Dreadful Rot  Necr/Pois/Air  2%         N/A       30%         2
 Tukima's Dance           Hex            1%         N/A       52%         3
 Ice Form                 Ice/Tmut       6%         N/A       73%         4
 Dispel Undead            Necr           1%         3d6       90%         4
 Passage of Golubria      Tloc           1%         N/A       90%         4
 Yara's Violent Unravell  Hex/Tmut       3%         3d4       97%         5
 Death Channel            Necr           0%         N/A       100%        6


Dungeon Overview and Level Annotations

Branches:
Dungeon (2/15)

Altars:
Fedhas

Annotations:
D:2 Natasha


Innate Abilities, Weirdness & Mutations

You have sharp claws.
You have razor-sharp teeth.
You have supernaturally acute eyesight. (SInv)
You cover ground quickly. (Speed+)
You are covered in fur. (AC +1)
Your paws help you pounce on unaware monsters.
You are incapable of wielding weapons or throwing items.
You cannot wear armour.
You gain extra lives every three experience levels.


Message History

A jackal comes into view.
The jackal barks!
You scratch the ball python.
You kill the ball python!
You hear an angry hiss.
You scratch the jackal.
You kill the jackal!
Natasha, Servant of Life and Death comes into view.
The jackal completely misses you.
Things that are here:
a jackal corpse; a ball python corpse; a jackal corpse Natasha hisses angrily.
You claw the jackal!
You kill the jackal!
Your horns disappear.
Natasha stares at you and mumbles some strange words.
You feel yourself slow down.
You scratch Natasha.
Natasha is moderately wounded.
Natasha claws you but does no damage.
You scratch Natasha.
Natasha is heavily wounded.
Natasha casts a spell.
Natasha misses you.
You closely miss Natasha.
Natasha is heavily wounded.
Natasha extends her claws.
Natasha claws you.
You barely miss Natasha.
Natasha is heavily wounded.
The cerulean imp hits you from afar with a +1 spear.
* * * LOW HITPOINT WARNING * * *
Natasha mumbles some strange words.
The cerulean imp barely misses you.
Unknown command.
You scratch Natasha but do no damage.
Natasha is heavily wounded.
Natasha stares at you and mumbles some strange words.
The magic dart hits you!
You die...

#######......#####
#.................
#.................
#...†..#..#..####.
#.#####.####........# #.
#.......# #..#.#...###.
#.......# #..##.#..##..
##.####5# #........##..
#@# ##.##.#..##.. ##h##
#.##........ ..###.5.#
#...........
#........#######.).)....
#..###............####..
. ##.#########.# #.. #.#
#.# #.. #.# #.# ### ...
#(#


You could see Natasha and 2 cerulean imps.

Vanquished Creatures
  An adder (D:2)
  A dart slug (D:1)
  3 ball pythons
  3 bats
  4 endoplasms (D:1)
  2 giant cockroaches (D:1)
  3 goblins
  3 hobgoblins (D:1)
  7 jackals
  4 quokkas (D:1)
  A frilled lizard (D:1)
  5 kobolds (D:1)
  4 rats (D:1)
41 creatures vanquished.

Notes
Turn   | Place    | Note
-------+----------+-------------------------------------------
     0 | D:1      | cdecastro the Felid Transmuter began the quest for the Orb.
     0 | D:1      | Reached XP level 1. HP: 9/9 MP: 4/4
   103 | D:1      | Reached XP level 2. HP: 11/12 MP: 4/6
   445 | D:1      | Reached XP level 3. HP: 13/15 MP: 5/7
   548 | D:1      | Reached skill level 4 in Unarmed Combat
   778 | D:1      | Learned a level 2 spell: Wereblood
   782 | D:1      | Learned a level 3 spell: Spider Form
   847 | D:2      | Found a blossoming altar of Fedhas.
   983 | D:2      | Noticed Natasha
   991 | D:2      | Killed from afar by Natasha

Illustrated notes

Levels and vault maps discovered:
D:1:      matt_arrival_grand_opening, layout_rooms, minmay_gold_behind_fungi
D:2:      minmay_alternating_diamond, layout_loops_ring, basic_altar,
          uniq_natasha

Skill      XL: |  1  2  3 |
---------------+----------+-----
Unarmed Combat | 4 |  4.3
Transmutations | 3 |  3.1
Fighting       | |  1.0
Dodging        | |  2.6
Spellcasting   | |  2.0

Action                     || total
---------------------------++-------
  Melee: Unarmed           ||   103
         Headbutt          ||    13
         Bite              ||    10
         Punch             ||     3
   Cast: Beastly Appendage ||    20
 Armour: Skin              ||     6
  Dodge: Dodged            ||    74
